 Dungeon Crawl Stone Soup version 0.27.1-33-g824d729ab1 (webtiles) character file.

Game seed: 7661932890196119387

11027 DenSaoPin the Basher (level 11, -4/92 HPs)
             Began as a Troll Hunter on Nov 28, 2021.
             Was a High Priest of Okawaru.
             Slain by a green ugly thing (10 damage)
             ... on level 9 of the Dungeon.
             The game lasted 00:51:20 (8293 turns).

DenSaoPin the Basher (Troll Hunter)                 Turns: 8293, Time: 00:51:20

Health: -4/92      AC: 10    Str: 34    XL:     11   Next: 43%
Magic:  13/15      EV: 15    Int:  7    God:    Okawaru [*****.]
Gold:   434        SH:  0    Dex: 13    Spells: 10/10 levels left

rFire    + . .     SeeInvis .   S - +5 great mace of the Saving Queen {pain, +Blink rF+}
rCold    . . .     Faith    .   (shield currently unavailable)
rNeg     . . .     Spirit   .   u - +0 troll leather armour
rPois    .         Reflect  .   (helmet restricted)
rElec    .         Harm     .   J - +2 cloak {Will+}
rCorr    .         Rampage  .   (gloves unavailable)
Will     +....                  (boots unavailable)
Stlth    +++.......             (no amulet)
HPRegen  2.25/turn              B - +6 ring of strength
MPRegen  0.14/turn              K - +6 ring of strength

@: lethally poisoned (-4 -> -14), heroic
A: large, unfitting armour, claws 3, regeneration 1, shaggy fur 1, tough skin 1
a: Renounce Religion, Evoke Blink, Heroism, Finesse


You were on level 9 of the Dungeon.
You worshipped Okawaru.
Okawaru was extremely pleased with you.
You visited 2 branches of the dungeon, and saw 12 of its levels.

You collected 434 gold pieces.

Inventory:

Hand Weapons
 p - a +0 whip
 s - a +0 giant club
 t - a +0 hunting sling
 x - a +0 spectral club
 y - a +1 vampiric scythe
 R - a +0 giant spiked club
 S - the +5 great mace of the Saving Queen (weapon) {pain, +Blink rF+}
   (Okawaru gifted it to you on level 9 of the Dungeon)

   In the hands of one skilled in necromantic magic, it inflicts extra damage on
   living creatures.
   rF:        It protects you from fire.
   +Blink:    It lets you blink.
 U - a +0 great mace of draining
Missiles
 c - 11 large rocks
 d - 5 throwing nets
 f - 158 stones (quivered)
 l - 107 sling bullets
 m - 140 arrows
 C - 5 javelins
 P - 35 poisoned darts
 Q - 4 atropa-tipped darts
Armour
 b - a +0 robe
 u - a +0 troll leather armour (worn)
 z - a +1 robe of positive energy
 J - a +2 cloak of willpower (worn)
 T - a +0 troll leather armour
Magical Staves
 v - a staff of poison
Jewellery
 a - a ring of magical power
 B - a +6 ring of strength (left claw)
 K - a +6 ring of strength (right claw)
Wands
 w - a wand of iceblast (2)
 O - a wand of mindburst (10)
Scrolls
 g - 10 scrolls of identify {unknown}
 h - 3 scrolls of holy word {unknown}
 k - a scroll of summoning {unknown}
 n - a scroll of enchant weapon {unknown}
 r - 5 scrolls of enchant armour {unknown}
 D - 4 scrolls of amnesia {unknown}
 F - a scroll of acquirement {unknown}
 H - 2 scrolls of teleportation {unknown}
 M - a scroll of fog {unknown}
 N - a scroll of fear {unknown}
Potions
 e - a potion of flight {unknown}
 i - a potion of heal wounds
 j - a potion of brilliance {unknown}
 o - a potion of might {unknown}
 q - 2 potions of curing {unknown}
 A - a potion of haste {unknown}
 E - 2 potions of degeneration {unknown}
 G - a potion of cancellation {unknown}
 I - 4 potions of mutation {unknown}
 L - a potion of lignification {unknown}
 V - 2 potions of magic {unknown}


   Skills:
 - Level 1.5(6.5) Fighting
 + Level 9.3(14.3) Maces & Flails
 + Level 9.0(14.0) Throwing
 + Level 8.0(13.0) Dodging
 - Level 0.3(5.3) Stealth
 - Level 7.4 Invocations


You had 10 spell levels left.
You didn't know any spells.
Your spell library contained the following spells:

 Spells                   Type           Power      Damage    Failure   Level
 Blink                    Tloc           N/A        N/A       58%         2
 Call Canine Familiar     Summ           0%         N/A       83%         3
 Lesser Beckoning         Tloc           0%         N/A       83%         3
 Portal Projectile        Hex/Tloc       0%         N/A       83%         3
 Leda's Liquefaction      Hex/Erth       0%         N/A       99%         4
 Manifold Assault         Tloc           0%         N/A       100%        5


Dungeon Overview and Level Annotations

Branches:
Dungeon (12/15)            Temple (1/1) D:4            Lair (0/6) D:11
    Orc: D:9-12

Altars:
Cheibriados
Gozag
Nemelex Xobeh
Okawaru
Qazlal
Sif Muna
Xom
Yredelemnul

Annotations:
D:4 1 runed translucent door


Innate Abilities, Weirdness & Mutations

You are too large for most types of armour.
You have claws for hands.
Your natural rate of healing is unusually fast.
You are covered in fur. (AC +1)
You have tough skin. (AC +1)


Message History

You are more poisoned.
The green ugly thing poisons you!
You sock the green ugly thing!
The green ugly thing is moderately wounded.
You feel extremely sick. The green ugly thing barely misses you.
You feel extremely sick.
You feel extremely sick.
You feel very sick.
You feel very sick.
You feel very sick.
You feel very sick.
You feel very sick.
You feel sick. The green ugly thing stings you!
* * * LOW HITPOINT WARNING * * *
You are lethally poisoned!
The green ugly thing poisons you!
You blink.
* * * LOW HITPOINT WARNING * * *
You feel extremely sick.
Okay, then.
Okay, then.
It was a potion of heal wounds.
You feel much better.
You feel extremely sick.
You feel much better.
You feel very sick. The green ugly thing stings you!
* * * LOW HITPOINT WARNING * * *
You feel very sick.
You feel very sick.
You feel very sick.
You fail to use your ability.
You feel sick. The green ugly thing stings you!
* * * LOW HITPOINT WARNING * * *
You are lethally poisoned!
The green ugly thing poisons you!
You gain the combat prowess of a mighty hero.
* * * LOW HITPOINT WARNING * * *
You feel extremely sick. The green ugly thing stings you!
You die...

.......# #.# #.# #.#
.....^.#####.#######.# #.#
.....................#####.#
...........................#
.....................#####.#
.........>...........# #.#
.....................# #.#
................u....# #.#
................@....#####.#
...........................#
############################


You could see a green ugly thing.

Vanquished Creatures
  Harold (D:11)
  3 two-headed ogres (D:11)
  3 skeletal warriors
  A cyclops (D:11)
  A gargoyle (D:12)
  A komodo dragon (D:9)
  3 trolls
  Grinder (D:3)
  Sigmund (D:4)
  A wyvern (D:9)
  2 wraiths (D:11)
  6 yaks
  A basilisk (D:12)
  The ghost of Alannah the Skirmisher, an amateur DsWn (D:4)
  6 vampire mosquitoes
  An acid dragon (D:9)
  An orc warrior (D:10)
  An ice beast (D:5)
  3 centaurs
  4 ogres
  A kobold brigand (D:9)
  2 bullfrogs
  2 scorpions
  5 killer bees (D:8)
  3 centaur zombies
  A bullfrog zombie (D:5)
  2 hounds
  Crazy Yiuf (D:5)
  2 orc priests
  A gnoll shaman (D:4)
  2 bullfrog skeletons (D:5)
  Ijyb (D:4)
  A scorpion zombie (D:5)
  A killer bee zombie (D:9)
  2 howler monkey zombies
  6 gnolls
  11 adders
  2 river rats (D:4)
  2 adder skeletons
  A worm (D:2)
  3 dart slugs
  4 orcs
  3 endoplasms
  6 giant cockroaches
  10 goblins
  6 hobgoblins
  4 jackals (D:2)
  5 quokkas
  7 ball pythons
  2 bats
  2 frilled lizards
  7 kobolds
  A rat (D:2)
  A bush (D:5)
152 creatures vanquished.

Vanquished Creatures (others)
  A fungus (D:5)
1 creature vanquished.

Grand Total: 153 creatures vanquished

Notes
Turn   | Place    | Note
-------+----------+-------------------------------------------
     0 | D:1      | DenSaoPin the Troll Hunter began the quest for the Orb.
     0 | D:1      | Reached XP level 1. HP: 19/19 MP: 0/0
   103 | D:1      | Found a faded altar of an unknown god.
   353 | D:1      | You fall into a shaft and drop 1 floor!
   854 | D:1      | Reached XP level 2. HP: 27/27 MP: 1/1
  1225 | D:2      | Reached skill level 1 in Maces & Flails
  1240 | D:2      | Reached XP level 3. HP: 15/33 MP: 2/2
  1617 | D:2      | Reached XP level 4. HP: 41/41 MP: 3/3
  2106 | D:3      | Noticed Grinder
  2107 | D:3      | Paralysed by Grinder for 2 turns
  2114 | D:3      | Paralysed by Grinder for 7 turns
  2152 | D:3      | Paralysed by Grinder for 2 turns
  2162 | D:3      | Killed Grinder
  2163 | D:3      | Reached skill level 5 in Throwing
  2163 | D:3      | Reached XP level 5. HP: 48/48 MP: 4/4
  2163 | D:3      | Reached XP level 6. HP: 55/55 MP: 5/5
  2990 | D:4      | Found a staircase to the Ecumenical Temple.
  3002 | D:4      | Reached skill level 5 in Maces & Flails
  3063 | D:4      | Reached XP level 7. HP: 44/62 MP: 6/6
  3181 | Temple   | Entered the Ecumenical Temple
  3200 | Temple   | Became a worshipper of Warmaster Okawaru
  3238 | D:4      | Found a runed translucent door.
  3239 | D:4      | Noticed Alannah's ghost (amateur DsWn)
  3271 | D:4      | Killed Alannah's ghost
  3293 | D:4      | Found a runed translucent door.
  3386 | D:4      | Noticed Ijyb
  3415 | D:4      | Killed Ijyb
  3606 | D:4      | Noticed Sigmund
  3613 | D:4      | Killed Sigmund
  3614 | D:4      | Reached XP level 8. HP: 51/70 MP: 7/7
  3959 | D:5      | Entered Level 5 of the Dungeon
  3995 | D:5      | Reached * piety under Okawaru
  3996 | D:5      | Reached skill level 1 in Invocations
  4313 | D:5      | Found a stormy altar of Qazlal.
  4317 | D:5      | Found an opulent altar of Gozag.
  4320 | D:5      | Found a shimmering altar of Xom.
  4673 | D:5      | Found a runed translucent door.
  4674 | D:5      | Noticed Crazy Yiuf
  4680 | D:5      | Killed Crazy Yiuf
  4761 | D:6      | You fall into a shaft and drop 2 floors!
  4795 | D:8      | Reached skill level 5 in Invocations
  4877 | D:8      | Reached ** piety under Okawaru
  4878 | D:8      | Reached XP level 9. HP: 66/76 MP: 12/12
  5271 | D:8      | Reached skill level 5 in Dodging
  5421 | D:8      | Found a shimmering blue altar of Sif Muna.
  5894 | D:9      | Reached *** piety under Okawaru
  6380 | D:10     | Entered Level 10 of the Dungeon
  6381 | D:10     | You fall into a shaft and drop 2 floors!
  6435 | D:12     | Found an opulent altar of Gozag.
  6486 | D:12     | Noticed a six-headed hydra
  6577 | D:12     | Noticed a gargoyle
  6587 | D:12     | Killed a gargoyle
  6587 | D:12     | Noticed a troll
  6588 | D:12     | Reached XP level 10. HP: 81/85 MP: 14/14
  6716 | D:12     | Noticed a tengu warrior
  6720 | D:12     | Noticed a two-headed ogre
  6826 | D:11     | Reached **** piety under Okawaru
  6882 | D:11     | Found a staircase to the Lair.
  6909 | D:11     | Noticed Harold
  6931 | D:11     | Killed Harold
  6983 | D:11     | Noticed a two-headed ogre
  7004 | D:11     | Killed a two-headed ogre
  7004 | D:11     | Reached ***** piety under Okawaru
  7044 | D:11     | Noticed a two-headed ogre
  7047 | D:11     | Killed a two-headed ogre
  7047 | D:11     | Received a gift from Okawaru
  7248 | D:11     | Noticed a cyclops
  7254 | D:11     | Noticed a two-headed ogre
  7257 | D:11     | Killed a cyclops
  7310 | D:11     | Killed a two-headed ogre
  7310 | D:11     | Received a gift from Okawaru
  7311 | D:11     | Reached XP level 11. HP: 65/92 MP: 15/15
  7496 | D:11     | Noticed a skeletal warrior
  7496 | D:11     | Noticed a skeletal warrior
  7497 | D:11     | Noticed a skeletal warrior
  7497 | D:11     | Noticed a skeletal warrior
  7503 | D:11     | Noticed a skeletal warrior
  7631 | D:11     | Killed a skeletal warrior
  7652 | D:11     | Killed a skeletal warrior
  7853 | D:9      | Identified the +5 great mace of the Saving Queen {pain,
                  | +Blink rF+} (Okawaru gifted it to you on level 9 of the
                  | Dungeon)
  7853 | D:9      | Received a gift from Okawaru
  7921 | D:9      | Killed a skeletal warrior
  8246 | D:10     | Noticed a green ugly thing
  8293 | D:9      | Slain by a green ugly thing

Illustrated notes

Levels and vault maps discovered:
D:1:      minmay_arrival_stair_chambers, layout_basic, serial_co_window_serial,
          co_window_corner_a, co_window_paths_b, co_window_paths_a,
          co_window_paths_a, co_window_corner_a, co_window_unsneaky_path_a,
          co_window_unsneaky_path_b, co_window_cross_2, glass_columns_a,
          glass_columns_c, glass_columns_a, chequers_ecumenical_altar_island
D:2:      layout_basic
D:3:      layout_basic, uniq_grinder
D:4:      layout_loops_ring, minmay_temple_entry_ruins, ebering_ghost_sewer_f,
          uniq_ijyb, uniq_sigmund
D:5:      layout_cave_pools, grunt_temple_overflow_diamond,
          uniq_crazy_yiuf_cottage
D:6:      layout_loops_corners, nicolae_overflow_hidden_temple,
          ebering_ghost_disaster_area, minivault_11, lightli_minifort,
          uniq_prince_ribbit1
D:8:      layout_loops_ring, nicolae_sif_muna_little_library
D:9:      layout_small_grid, kennysheep_generic_room_12
D:10:     layout_irregular_city, orc_0_dummy
D:11:     layout_loops_cross, lair_entry_dummy, serial_shops, kennysheep_mini,
          uniq_harold
D:12:     layout_long_grid, portal_ice_cave_entry_ice_simulacra,
          nicolae_gozag_seed_capital
Temple:   nicolae_temple_elliptical

Skill      XL: |  1  2  3  4  5  6  7  8  9 10 11 |
---------------+----------------------------------+-----
Throwing       | 4 5 6 8 9 |  9.0
Maces & Flails | 1 2 4 5 6 7 8 9 |  9.3
Invocations    | 5 7 |  7.4
Dodging        | 3 5 7 8 |  8.0
Fighting       | |  1.5
Stealth        | |  0.3

Action                   |  1- 3 |  4- 6 |  7- 9 | 10-12 || total
-------------------------+-------+-------+-------+-------++-------
Melee: Short sword       |     5 |       |       |       ||     5
       Club              |    52 |    25 |       |       ||    77
       Whip              |       |    70 |       |       ||    70
       Giant club        |       |    22 |   284 |    60 ||   366
       Giant spiked club |       |       |       |    58 ||    58
       Great mace        |       |       |       |    41 ||    41
Throw: Stone             |    66 |   132 |    94 |    47 ||   339
       Large rock        |       |     2 |     3 |       ||     5
       Dart              |       |       |       |     8 ||     8
       Javelin           |       |       |       |     7 ||     7
Invok: Heroism           |       |       |     2 |     2 ||     4
 Abil: Evoke Blink       |       |       |       |     1 ||     1
  Use: Potion            |       |       |       |     2 ||     2
 Stab: Sleeping          |     1 |     1 |       |       ||     2
Armor: Robe              |    16 |    47 |   127 |     1 ||   191
       Skin              |       |       |     2 |       ||     2
       Troll leather arm |       |       |       |    77 ||    77
Dodge: Dodged            |    23 |    61 |   243 |   132 ||   459
